Construct Section Command Post
Selects Heavy Armor Battlegroup
Construct Platoon Command Post
Selects Engineer Detachments
Construct Field Infirmary
6-pounder Anti-tank Gun Team
Selects Crusader AA Medium Tank
6-pounder Anti-tank Gun Team
Unlock Bishop Self-propelled Artillery
Bishop Self-propelled Artillery
6-pounder Anti-tank Gun Team
Selects Churchill Black Prince Heavy Tank
Bishop Self-propelled Artillery
6-pounder Anti-tank Gun Team
Selects Light Vehicle Withdraw and Refit
Selects Designate Targets
Churchill Black Prince Heavy Tank
Construct Company Command Post